 Dungeon Crawl Stone Soup version 0.30.1-4-g462c640d31 (webtiles) character file.

Game seed: 3259975539802309779

1860 klichko the Sneak (level 9, -5/52 HPs)
             Began as a Kobold Enchanter on Sept 6, 2023.
             Was an Initiate of Hepliaklqana.
             Slain by Eustachio
             ... wielding a +0 falchion of electrocution
              (16 damage)
             ... on level 6 of the Dungeon.
             The game lasted 00:16:37 (6940 turns).

klichko the Sneak (Kobold Enchanter)                Turns: 6940, Time: 00:16:40

Health: -5/52      AC:  4    Str:  6    XL:     9   Next: 35%
Magic:  6/16       EV: 17    Int: 16    God:    Hepliaklqana [......]
Gold:   256        SH:  0    Dex: 19    Spells: 7/17 levels left

rFire   + . .        g - +2 dagger (drain)
rCold   . . .        (no shield)
rNeg    . . .        t - +0 leather armour
rPois   .            (no helmet)
rElec   .            (no cloak)
rCorr   +            r - +0 pair of gloves
SInv    .            (no boots)
Will    .....        A - amulet of regeneration
Stlth   +++++        y - ring of resist corrosion
HPRegen 1.08/turn    o - ring of protection from fire
MPRegen 0.15/turn

%: no passive effects
@: very slightly contaminated, invisible
A: small, no large weapons, nightstalker 3
a: Renounce Religion


You were on level 6 of the Dungeon.
You worshipped Hepliaklqana.
Hepliaklqana was noncommittal.
You visited 2 branches of the dungeon, and saw 7 of its levels.

You collected 256 gold pieces.

Inventory:

Hand Weapons
 a - a +2 dagger
 g - a +2 dagger of draining (weapon)
 i - a +2 dagger of draining
 E - a +1 short sword of venom
Missiles
 u - 2 atropa-tipped darts (quivered)
Armour
 b - a +0 robe
 r - a +0 pair of gloves (worn)
 t - a +0 leather armour (worn)
Magical Staves
 f - a staff of cold
Jewellery
 e - an amulet of magic regeneration
 j - a ring of protection from cold
 l - a ring of protection from cold
 n - an amulet of guardian spirit
 o - a ring of protection from fire (right hand)
 y - a ring of resist corrosion (left hand)
 A - an amulet of regeneration (around neck)
 H - a ring of fire
Wands
 C - a wand of charming (9)
 D - a wand of flame (36)
Scrolls
 v - a scroll of fog
 x - 5 scrolls of identify
 B - 2 scrolls of fear
Potions
 c - a potion of invisibility
 d - a potion of heal wounds {unknown}
 h - a potion of resistance {unknown}
 k - a potion of attraction {unknown}
 m - 3 potions of curing
 p - a potion of magic {unknown}
 q - 2 potions of mutation {unknown}
 s - a potion of lignification {unknown}
 w - 3 potions of cancellation {unknown}
 z - 3 potions of brilliance {unknown}
 F - a potion of flight {unknown}
 G - a potion of berserk rage {unknown}


   Skills:
 + Level 4.5 Fighting
 + Level 5.8 Short Blades
 + Level 5.7 Dodging
 + Level 7.5 Stealth
 + Level 4.8 Spellcasting
 + Level 5.3 Hexes
 + Level 3.0 Earth Magic
 + Level 2.4 Evocations


You had 7 spell levels left.
You knew the following spells:

 Your Spells              Type           Power      Damage    Failure   Level
a - Ensorcelled Hibernat  Hex/Ice        24%        N/A       12%         2
b - Confusing Touch       Hex            20%        N/A       9%          3
c - Dazzling Flash        Conj/Hex       24%        N/A       24%         3
d - Passwall              Tmut/Erth      6%         N/A       21%         2

Your spell library contained the following spells:

 Spells                   Type           Power      Damage    Failure   Level
 Sandblast                Erth           26%        2d8       7%          1
 Tukima's Dance           Hex            20%        N/A       9%          3
 Magic Dart               Conj           12%        1d3       24%         1
 Cigotuvi's Dreadful Rot  Necr/Pois/Air  6%         N/A       36%         2
 Searing Ray              Conj           6%         2d4       36%         2
 Sublimation of Blood     Necr           3%         N/A       36%         2
 Wereblood                Tmut           3%         N/A       36%         2
 Stone Arrow              Conj/Erth      16%        3d8       36%         3
 Ignite Poison            Fire/Tmut/Pois 3%         N/A       58%         3
 Fulminant Prism          Conj/Hex       6%         3d6       63%         4
 Petrify                  Tmut/Erth      8%         N/A       78%         4
 Freezing Cloud           Conj/Ice/Air   1%         6-21      100%        5
 Statue Form              Tmut/Erth      5%         N/A       100%        6
 Summon Hydra             Summ           1%         N/A       100%        7
 Polar Vortex             Ice            1%         N/A       100%        9


Dungeon Overview and Level Annotations

Branches:
Dungeon (6/15)             Temple (1/1) D:5

Altars:
Ashenzari
Elyvilon
Fedhas
Hepliaklqana
Kikubaaqudgha
Makhleb
Nemelex Xobeh
Okawaru
Qazlal
Ru
Sif Muna
Trog
Uskayaw
Vehumet
Xom
Yredelemnul
Zin

Shops:
D:2 (

Portals:
Abyss: D:6

Annotations:
D:6 2 transporters, Eustachio; klichko's ghost, novice SpHu


Innate Abilities, Weirdness & Mutations

You are small and have problems with some larger weapons.
You are completely attuned to the shadows.


Message History

Aiming: Ensorcelled Hibernation (safe; 12% risk of failure)
Press: ? - help, Shift-Dir - straight line, f/p - Eustachio
Aim: Eustachio, wielding a +0 falchion of electrocution and wearing a +0 leather armour (chance to affect: 46%) Eustachio resists with some effort.
Eustachio barely misses you. The white imp gestures at you.
The puff of frost hits you.
* * * LOW HITPOINT WARNING * * *
You fade into invisibility!
Eustachio gestures wildly while chanting.
Eustachio blinks!
The white imp lashes its tail.
The white imp closely misses you.
You strike the helpless white imp from behind!
You impale the white imp!!
You kill the white imp!
The white imp disappears in a puff of smoke!
Eustachio closely misses you.
You miss Eustachio. Eustachio closely misses you.
You closely miss Eustachio. Eustachio completely misses you.
You hit Eustachio. You drain Eustachio.
Eustachio is lightly wounded.
You hit Eustachio.
Eustachio is moderately wounded.
You barely miss Eustachio.
Eustachio is moderately wounded.
Eustachio closely misses you.
You hit Eustachio.
Eustachio is moderately wounded.
You hit Eustachio.
Eustachio is moderately wounded.
You barely miss Eustachio.
Eustachio is moderately wounded.
Eustachio hits you with a +0 falchion of electrocution.
You catch the helpless Eustachio completely off-guard!
You impale Eustachio!!
Eustachio is almost dead.
Eustachio hits you with a +0 falchion of electrocution!
* * * LOW HITPOINT WARNING * * *
You are electrocuted!
You die...

####### ##########
###..................
.......##...........#
........#...........#
####....#...........#
#....#.......@@..#
###.##...........#
#..............##. ###.
#########...........##.###....
†...........##########+......#
########....## #..........)..#
##### #.##..# #.............#
....####.###.###..............
......##.# #...#..............


You could see Eustachio (unable to see you, drained).

Vanquished Creatures
  Sigmund (D:6)
  A steam dragon (D:6)
  An ice beast (D:6)
  2 black bears (D:5)
  An ogre (D:5)
  A centaur (D:5)
  Blork the orc (D:6)
  6 scorpions
  4 wights (D:6)
  2 orc priests
  3 hounds
  A sleepcap (D:6)
  3 iguanas
  2 orc wizards
  9 adders
  A shadow imp (D:5)
  2 worms (D:4)
  9 orcs
  9 ball pythons
  7 endoplasms
  5 giant cockroaches
  8 goblins
  7 hobgoblins
  6 kobolds
  6 quokkas
  9 bats
  4 frilled lizards
  4 rats
115 creatures vanquished.

Notes
Turn   | Place    | Note
-------+----------+-------------------------------------------
     0 | D:1      | klichko the Kobold Enchanter began the quest for the Orb.
     0 | D:1      | Reached XP level 1. HP: 10/10 MP: 3/3
   288 | D:1      | Reached XP level 2. HP: 11/16 MP: 5/5
   737 | D:1      | Reached XP level 3. HP: 20/20 MP: 6/6
  1539 | D:2      | Reached skill level 1 in Fighting
  1618 | D:2      | Learned a level 2 spell: Ensorcelled Hibernation
  1622 | D:2      | Learned a level 3 spell: Confusing Touch
  1868 | D:2      | Found Acaz's Weapon Boutique.
  2051 | D:2      | Reached XP level 4. HP: 11/25 MP: 7/7
  2872 | D:3      | Found a white marble altar of Elyvilon.
  3662 | D:4      | Reached XP level 5. HP: 29/29 MP: 9/9
  3788 | D:4      | Reached skill level 5 in Stealth
  4092 | D:4      | Reached XP level 6. HP: 35/35 MP: 10/10
  4645 | D:4      | Reached XP level 7. HP: 40/40 MP: 10/12
  4741 | D:5      | Entered Level 5 of the Dungeon
  4746 | D:5      | Learned a level 3 spell: Dazzling Flash
  4749 | D:5      | Learned a level 2 spell: Passwall
  4866 | D:5      | Reached skill level 1 in Earth Magic
  4911 | D:5      | Reached skill level 6 in Stealth
  4999 | D:5      | Reached XP level 8. HP: 46/46 MP: 10/13
  5326 | D:5      | Found a staircase to the Ecumenical Temple.
  5332 | Temple   | Entered the Ecumenical Temple
  5767 | Temple   | Became a worshipper of Hepliaklqana the Forgotten
  6101 | D:6      | Noticed Blork the orc
  6102 | D:6      | Killed Blork the orc
  6103 | D:6      | Reached skill level 5 in Short Blades
  6170 | D:6      | Reached skill level 5 in Dodging
  6262 | D:6      | Found a one-way gate to the infinite horrors of the Abyss.
  6262 | D:6      | Noticed klichko's ghost (novice SpHu)
  6281 | D:6      | Found a broken altar of Ashenzari.
  6424 | D:6      | Reached skill level 1 in Evocations
  6552 | D:6      | Reached skill level 7 in Stealth
  6562 | D:6      | Reached skill level 5 in Hexes
  6562 | D:6      | Reached XP level 9. HP: 52/52 MP: 15/15
  6564 | D:6      | Got Sif Muna's Quarto of Lithomancy and Refrigeration
  6711 | D:6      | Noticed a purple ugly thing
  6732 | D:6      | Found a transporter.
  6756 | D:6      | Noticed a green ugly thing
  6758 | D:6      | Found a transporter.
  6775 | D:6      | Noticed Sigmund
  6779 | D:6      | Killed Sigmund
  6835 | D:6      | Found a radiant altar of Vehumet.
  6917 | D:6      | Noticed Eustachio
  6940 | D:6      | Slain by Eustachio

Illustrated notes

Levels and vault maps discovered:
D:1:      evilmike_arrival_plus, layout_basic, minmay_misc_feat_room,
          minmay_fountain_box, nrook_campfire
D:2:      layout_rooms, serial_shops, shop, st_stairs_5,
          minmay_misc_feat_pillars
D:3:      layout_loops_cross, mainiacjoe_overflow_paths, minmay_diced_spiral
D:4:      layout_loops_corners
D:5:      layout_basic, minmay_temple_entry_hall, kennysheep_generic_room_7
D:6:      layout_basic, nicolae_ashenzari_panopticon,
          mainiacjoe_overflow_surrounded_room, gammafunk_ghost_abyssal_escape,
          kennysheep_nondescript, uniq_sigmund, uniq_grinder, uniq_pikel,
          uniq_eustachio, uniq_blork_the_orc
Temple:   minmay_temple_curvy_branch

Skill      XL: |  1  2  3  4  5  6  7  8  9 |
---------------+----------------------------+-----
Short Blades   | 2 3 4 5 |  5.8
Fighting       | 1 2 3 4 |  4.5
Dodging        | 3 4 5 |  5.7
Stealth        | 5 6 7 |  7.5
Spellcasting   | 3 4 |  4.8
Hexes          | 4 5 |  5.3
Earth Magic    | 1 2 3 |  3.0
Evocations     | 1 2 |  2.4

Action                     |  1- 3 |  4- 6 |  7- 9 || total
---------------------------+-------+-------+-------++-------
  Melee: Dagger            |    88 |    77 |    89 ||   254
         Punch             |     1 |       |     1 ||     2
   Cast: Ensorcelled Hiber |     5 |    13 |    20 ||    38
         Confusing Touch   |       |       |     4 ||     4
         Dazzling Flash    |       |       |     2 ||     2
    Use: Scroll            |     3 |     2 |     3 ||     8
         Potion            |       |       |     1 ||     1
   Stab: Sleeping          |    22 |    28 |    24 ||    74
         Confused          |       |       |     4 ||     4
         Invisible         |       |       |     3 ||     3
 Armour: Robe              |     5 |       |       ||     5
         Leather armour    |       |    19 |    13 ||    32
  Dodge: Dodged            |    38 |    55 |    71 ||   164
